cohdb
Replays
Latest Replays
All Replays
Popular Replays
Top Player Replays
Match Explorer
How It Works
Community
CoH3 Stats
Reddit
Sign in to upload your games and track your stats! →
Sign in with Steam
Match 46710563
Unlisted
Match 46710563
Overview
Messages
Build Orders
End
Construct Section Command Post
Infantry Section
Infantry Section
Infantry Section
Infantry Section
Selects Canadian Shock Battlegroup
Selects Canadian Shock Battlegroup
Grenade Package
Selects Attacking Spirit
Selects Canadian Shock Section
Construct Field Infirmary
Canadian Shock Section
Selects Incendiary Munitions
Construct Platoon Command Post
Humber Armored Car
6-pounder Anti-tank Gun Team
Unlock M3 Stuart Light Tanks
Selects Pyrotechnics
M3 Stuart Light Tank
M3 Stuart Light Tank
Selects Churchill Crocodile Heavy Tank
Churchill Crocodile Heavy Tank
Canadian Shock Section
Selects Smoke Operation
6-pounder Anti-tank Gun Team
M3 Stuart Light Tank
Royal Engineer Section
Soud
pagep
0
0
Comments
sign in to comment!
No comments posted yet!